 Dungeon Crawl Stone Soup version 0.16.0-8-gd9ae3a8 (console) character file.

49 gw the Insei (level 3, -3/31 HPs)
             Began as a Deep Dwarf Transmuter on Mar 17, 2015.
             Slain by a gnoll
             ... wielding a +0 spear
              (5 damage)
             ... on level 2 of the Dungeon.
             The game lasted 00:00:45 (563 turns).

gw the Insei (Deep Dwarf Transmuter)                 Turns: 563, Time: 00:00:45

Health: -3/31      AC:  3    Str: 13    XL:     3   Next: 51%
Magic:  5/6        EV: 12    Int: 14    God:
Gold:   80         SH:  0    Dex: 13    Spells: 1 memorised, 5 levels left

rFire  . . .     SeeInvis .       - Unarmed
rCold  . . .     Clarity  .     h - +0 leather armour
rNeg   . . .     SustAb   .     (no shield)
rPois  .         Gourm    .     (helmet restricted)
rElec  .         Spirit   .     (no cloak)
rCorr  .         Warding  .     (no gloves)
rMut   .         Stasis   .     (no boots)
MR     .....                    (no amulet)
Stlth  +.........               (no ring)
                                (no ring)

@: appendage (expiring), non-regenerating, not resistant to hostile
enchantments, very unstealthy
A: damage resistance, recharge devices, horns 2, sense surroundings 1, slow
healing 3
a: Device Recharging, End Transformation


You were on level 2 of the Dungeon.
You were not hungry.
You had grown temporary horns.
You visited 1 branch of the dungeon, and saw 2 of its levels.

You collected 80 gold pieces.

Inventory:

Missiles
 b - 12 arrows
Armour
 h - a +0 leather armour (worn)
Magical devices
 a - a wand of heal wounds (4)
Potions
 e - 3 potions of agility
 i - 2 potions of curing
Books
 c - a book of Control

   Spells                             Type                      Level
   a - Control Teleport               Charms/Translocation         4
   b - Control Undead                 Necromancy                   4
   c - Enslavement                    Hexes                        4
   d - Metabolic Englaciation         Hexes/Ice                    5
   e - Mass Confusion                 Hexes                        6
 d - a book of Changes

   Spells                             Type                      Level
   a - Beastly Appendage              Transmutation                1
   b - Sticks to Snakes               Transmutation                2
   c - Spider Form                    Transmutation/Poison         3
   d - Ice Form                       Ice/Transmutation            4
   e - Blade Hands                    Transmutation                5
Comestibles
 f - a bread ration


   Skills:
 + Level 1.2 Fighting
 + Level 1.2 Armour
 - Level 2.1 Dodging
 + Level 3.0 Unarmed Combat
 + Level 2.3 Spellcasting
 + Level 2.3 Transmutations


You had 5 spell levels left.
You knew the following spells:

 Your Spells              Type           Power        Failure   Level  Hunger
a - Beastly Appendage     Trmt           #.....       14%         1    #......


Dungeon Overview and Level Annotations

Branches:
Dungeon (2/15)

Altars:


Innate Abilities, Weirdness & Mutations

You are resistant to damage.
You can recharge devices by infusing magical energy.
You passively map a small area around you.
You do not heal naturally.
You have a pair of horns on your head.


Message History

Unknown command.
Unknown command.
ATTACK MOVE TO (0,1)
You barely miss the gnoll.
You headbutt the gnoll, but do no damage.
The gnoll is severely wounded.
The gnoll closely misses you. The gnoll hits you but does no damage.
The giant gecko barely misses you.
Unknown command.
Unknown command.
Unknown command.
Unknown command.
ATTACK MOVE TO (0,1)
You hit the gnoll.
You kill the gnoll!
Your Unarmed Combat skill increases to level 3!
The gnoll hits you from afar with a spear.
The giant gecko completely misses you.
The gnoll hits you from afar with a spear.
You die...

, * * *
############.##*
#>...)gl.......
, ,
#.####%#g######*
#.#* ..g...
#.##.#.#....# *
* #.##.#.#....#
* #.##.#.#,####
* #.##.#.# **
### #.##.#.# ..#
, #.##.#.#######
#.#


You could see 2 gnolls and a giant gecko.

Table legend:
 A = Turns spent in this place as a percentage of turns spent in the entire game.
 B = Non-inter-level travel turns spent in this place as a percentage of non-inter-level travel turns spent in the entire game.
 C = Inter-level travel turns spent in this place as a percentage of turns spent in this place.
 D = Turns resting spent in this place as a percentage of non-inter-level travel turns spent in this place.
 E = Turns spent auto-exploring this place as a percentage of non-inter-level travel turns spent in this place.
 F = Non-inter-level travel turns spent in this place divided by the number of levels of this place that you've seen.
                   A       B       C       D       E      F
               +-------+-------+-------+-------+-------+----------------------
         Total | 100.0 | 100.0 |   0.1 |   1.6 |   2.7 | 695.0
       Dungeon | 100.0 | 100.0 |   0.1 |   1.6 |   2.7 | 695.0
               +-------+-------+-------+-------+-------+----------------------

Table legend:
 A = Kills in this place as a percentage of kills in entire the game.
 B = Kills by you in this place as a percentage of kills by you in the entire game.
 C = Kills by friends in this place as a percentage of kills by friends in the entire game.
 D = Other kills in this place as a percentage of other kills in the entire game.
 E = Experience gained in this place as a percentage of experience gained in the entire game.
 F = Experience gained in this place divided by the number of levels of this place that you have seen.
                   A       B       C       D       E      F
               +-------+-------+-------+-------+-------+----------------------
         Total | 100.0 | 100.0 |  -nan |  -nan | 100.0 |  35.0
       Dungeon | 100.0 | 100.0 |  -nan |  -nan | 100.0 |  35.0
               +-------+-------+-------+-------+-------+----------------------

Vanquished Creatures
  2 gnolls (D:2)
  An adder (D:2)
  2 giant geckos (D:1)
  3 goblins (D:1)
  4 hobgoblins (D:1)
  2 kobolds (D:1)
  2 rats
16 creatures vanquished.

Notes
Turn   | Place    | Note
--------------------------------------------------------------
     0 | D:1      | gw, the Deep Dwarf Transmuter, began the quest for the Orb.
     0 | D:1      | Reached XP level 1. HP: 16/16 MP: 2/2
    38 | D:1      | Reached skill level 1 in Fighting
   187 | D:1      | Reached XP level 2. HP: 25/25 MP: 2/4
   556 | D:2      | Reached skill level 1 in Armour
   556 | D:2      | Reached XP level 3. HP: 22/31 MP: 4/6
   563 | D:2      | Reached skill level 3 in Unarmed Combat
   563 | D:2      | Slain by a gnoll

Action                   || total
-------------------------++-------
Melee: Unarmed           ||    58
 Cast: Beastly Appendage ||    12
Evoke: Wand              ||     1
  Use: Scroll            ||     3
       Potion            ||     3

Vault maps used:
D:1:      elethiomel_arrival_quiet
D:2:      lemuel_crystal_altar, minivault_14, uniq_terence
